 Dungeon Crawl Stone Soup version 0.18.1-50-g88ac8fd (webtiles) character file.

18248 mdk the Infuser (level 12, -22/70 HPs)
             Began as a Deep Elf Conjurer on May 23, 2018.
             Was an Elder of Vehumet.
             Annihilated by an ettin
             ... wielding a +2 dire flail of venom
              (39 damage)
             ... on level 2 of the Orcish Mines.
             The game lasted 00:38:34 (18531 turns).

mdk the Infuser (Deep Elf Conjurer)                Turns: 18531, Time: 00:38:35

Health: -22/70     AC: 11    Str:  5    XL:     12   Next: 26%
Magic:  5/28       EV: 18    Int: 28    God:    Vehumet [****..]
Gold:   650        SH:  0    Dex: 15    Spells: 6 memorised, 11 levels left

rFire  + . .     SeeInvis .     a - +6 hunting sling "Ijeomop" {freeze, Int+2 Stlth+}
rCold  . . .     Gourm    .     Q - +1 robe {rC+}
rNeg   . . .     Faith    .     (no shield)
rPois  .         Spirit   .     x - +2 helmet
rElec  .         Dismiss  .     K - +2 cloak
rCorr  .         Reflect  .     y - +1 pair of gloves
SustAt .         Harm     .     (no boots)
MR     ++...                    u - amulet of regeneration
Stlth  +++++.....               C - ring "Laigriv" {Fire Slay+3}
                                s - ring of protection from magic

@: lethally poisoned (-22 -> -27), very resistant to hostile enchantments, quite
stealthy
A: no striking features
a: Renounce Religion


You were on level 2 of the Orcish Mines.
You worshipped Vehumet.
Vehumet was greatly pleased with you.
You were hungry.

You visited 4 branches of the dungeon, and saw 16 of its levels.
You also visited: Labyrinth and Ossuary.

You collected 755 gold pieces.
You spent 105 gold pieces at shops.

Inventory:

Hand Weapons
 a - the +6 hunting sling "Ijeomop" (weapon) {freeze, Int+2 Stlth+}
   (You found it on level 4 of the Dungeon)

   It causes projectiles fired from it to freeze those they strike, causing
   extra injury to most foes and up to half again as much damage against
   particularly susceptible opponents.
   They can also slow down cold-blooded creatures.
   It affects your intelligence (+2).
   It makes you more stealthy.
 b - the +7 lajatang of Order {silver, rMut}
   (You found it in a labyrinth)

   It protects you from mutation.
 S - a +1 quarterstaff of freezing
Missiles
 p - 2 throwing nets
 E - 127 sling bullets (quivered)
Armour
 w - a +0 buckler
 x - a +2 helmet (worn)
 y - a +1 pair of gloves (worn)
 K - a +2 cloak (worn)
 Q - a +1 robe of cold resistance (worn)
Jewellery
 o - an uncursed ring of ice
 s - a ring of protection from magic (left hand)
 u - an amulet of regeneration (around neck)
 z - an uncursed ring of positive energy
 A - an uncursed ring of flight
 C - the ring "Laigriv" (right hand) {Fire Slay+3}
   (You bought it in a shop on level 4 of the Dungeon)

   [ring of fire]

   It enhances your fire magic, and weakens your ice magic.
   It affects your accuracy and damage with ranged weapons and melee attacks
   (+3).
   It protects you from fire.
   It makes you vulnerable to cold.
 Y - an uncursed ring of protection from fire {unknown}
Wands
 q - a wand of disintegration (19/24)
 F - a wand of iceblast (5/15)
 H - a wand of flame (44/48)
 O - a wand of lightning (10/15)
 Z - a wand of acid (9/15)
Scrolls
 e - 5 scrolls of remove curse
 f - 3 scrolls of recharging
 h - 6 scrolls of teleportation
 j - 4 scrolls of amnesia
 m - 6 scrolls of identify
 G - a scroll of fog
Potions
 d - 3 potions of might
 g - 3 potions of agility
 i - 3 potions of flight
 k - 4 potions of curing
 l - 2 potions of haste
 r - a potion of lignification
 t - a potion of resistance
 v - 2 potions of invisibility
 I - a potion of mutation
 L - a potion of berserk rage
 M - a potion of brilliance
 P - 2 potions of magic
Books
 J - the Handbook of Stolen Souls
   (You found it on level 12 of the Dungeon)

   Spells                             Type                      Level
   a - Sublimation of Blood           Necromancy                   2
   b - Regeneration                   Charms/Necromancy            3
   c - Agony                          Necromancy                   5
   d - Simulacrum                     Ice/Necromancy               6
Comestibles
 c - 7 bread rations
 n - 8 meat rations
 B - 15 fruits


   Skills:
 * Level 6.1 Fighting
 * Level 9.1 Dodging
 * Level 9.2 Stealth
 - Level 10.0 Spellcasting
 - Level 10.0 Conjurations
 - Level 10.0 Hexes
 - Level 10.0 Charms
 * Level 6.3 Fire Magic


You had 11 spell levels left.
You knew the following spells:

 Your Spells              Type           Power        Failure   Level  Hunger
a - Magic Dart            Conj           ####         1%          1    None
b - Searing Ray           Conj           ######       1%          2    None
d - Throw Icicle          Conj/Ice       ###.....     1%          4    None
e - Iskenderun's Battles  Conj/Chrm      ######..     1%          5    ###....
g - Fulminant Prism       Conj/Hex       ######....   1%          4    None
s - Sticky Flame          Conj/Fire      ######..     1%          4    None


Dungeon Overview and Level Annotations

Branches:
Dungeon (12/15)            Temple (1/1) D:7            Lair (1/8) D:8
    Orc (2/2) D:12
    Elf: Orc:2

Altars:
Ashenzari
Cheibriados
Elyvilon
Gozag
Kikubaaqudgha
Makhleb
Nemelex Xobeh
Okawaru
Pakellas
Qazlal
Ru
Sif Muna
Trog
Vehumet
Xom
Yredelemnul
Zin
The Shining One
Beogh

Shops:
D:4 *   D:6 (

Annotations:
Lair:1 Urug


Message History

Aiming: Throw Icicle
Press: ? - help, Shift-Dir - straight line, f/p - ettin
Aim: an ettin, wielding a dire flail of venom and a dire flail (heavily wounded)
You feel a numb sensation.
The shard of ice hits the ettin.
The ettin is heavily wounded.
The ettin closely misses you. The ettin completely misses you.
An orc comes into view. It is wielding a mace.
Casting: Throw Icicle
Confirm with . or Enter, or press ? or * to list all spells.
Aiming: Throw Icicle
Press: ? - help, Shift-Dir - straight line, f/p - ettin
Aim: an ettin, wielding a dire flail of venom and a dire flail (heavily wounded)
You feel a numb sensation.
The shard of ice hits the ettin.
The ettin is severely wounded.
The ettin hits you with a dire flail of venom!
* * * LOW HITPOINT WARNING * * *
You are poisoned.
The ettin hits you with a dire flail!!!
Ouch! That really hurt!
You die...

....... ......
....... ..... .
.......#....#..
.............#.
....$.......#..
........ยง......
...............
.......@C......
.#.............
.$.....#.......
....... .......
....#.# .......
...... ...._..
...... .......
...... .....o.


You could see an ettin and an orc.

Vanquished Creatures
  A minotaur (Lab)
  Erolcha (D:8)
  A hydra (D:8)
  Fannar (D:11)
  The ghost of Maimakterion the Destroyer, a novice DECj of Vehumet (D:9)
  A hill giant (D:11)
  An unseen horror (D:12)
  An orc knight (D:12)
  Joseph (D:10)
  2 trolls
  A two-headed ogre (D:8)
  Sigmund (D:2)
  A vampire (D:10)
  A wraith (D:12)
  3 wyverns
  3 hungry ghosts
  10 yaks
  4 hippogriffs
  A mottled dragon (D:12)
  7 wargs (Orc:1)
  A water moccasin (D:6)
  9 orc warriors
  6 ice beasts
  2 phantoms
  2 black bears
  2 wasps
  A necrophage (D:8)
  8 ogres
  9 centaurs
  2 wolves (Orc:1)
  3 big kobolds (D:8)
  A gnoll sergeant (D:12)
  5 giant frogs
  2 elf zombies (Ossuary)
  2 wyvern zombies
  2 wyvern skeletons
  2 water moccasin skeletons
  5 scorpions
  5 wights (D:8)
  5 killer bees
  2 howler monkeys
  9 crimson imps
  A centaur zombie (Ossuary)
  4 giant frog skeletons
  2 giant frog zombies (D:10)
  A human zombie (Ossuary)
  6 jellies
  2 centaur skeletons
  4 hounds
  3 quasits
  10 orc priests
  Crazy Yiuf (D:3)
  22 orc wizards
  Terence (D:2)
  4 iguanas
  A worker ant (D:5)
  2 sheep (D:8)
  A big kobold zombie (Ossuary)
  2 hound zombies
  3 mummies
  Robin (D:4)
  A howler monkey skeleton (D:8)
  11 gnolls
  16 adders
  5 shadow imps
  3 adder skeletons
  An adder zombie (Ossuary)
  4 worms
  4 dart slugs
  6 giant geckos
  75 orcs
  4 giant cockroaches
  18 goblins
  10 hobgoblins
  12 jackals
  5 quokkas
  A ball python (D:1)
  7 bats
  7 giant newts
  A goblin zombie (Ossuary)
  11 hobgoblin zombies (Ossuary)
  2 jackal zombies (Ossuary)
  9 kobolds
  11 kobold zombies
  8 orc zombies
  A quokka skeleton (D:4)
  A quokka zombie (D:9)
  9 rats
  3 fungi (D:8)
445 creatures vanquished.

Vanquished Creatures (others)
  An orc (Orc:1)
  65 fulminant prisms
66 creatures vanquished.

Grand Total: 511 creatures vanquished

Notes
Turn   | Place    | Note
--------------------------------------------------------------
     0 | D:1      | mdk the Deep Elf Conjurer began the quest for the Orb.
     0 | D:1      | Reached XP level 1. HP: 10/10 MP: 6/6
   539 | D:1      | Reached XP level 2. HP: 15/15 MP: 5/8
   543 | D:1      | Learned a level 2 spell: Searing Ray
  1267 | D:2      | Reached skill level 5 in Conjurations
  1290 | D:2      | Reached XP level 3. HP: 18/19 MP: 6/10
  1722 | D:2      | Noticed Terence
  1728 | D:2      | Killed Terence
  1728 | D:2      | Reached XP level 4. HP: 24/24 MP: 6/12
  1738 | D:2      | Learned a level 4 spell: Fulminant Prism
  1949 | D:2      | Noticed Sigmund
  2581 | D:2      | Reached skill level 5 in Spellcasting
  2581 | D:2      | Reached XP level 5. HP: 28/28 MP: 10/14
  2589 | D:2      | Learned a level 5 spell: Iskenderun's Battlesphere
  2666 | D:3      | Found a sacrificial altar of Ru.
  2680 | D:3      | Reached skill level 1 in Hexes
  2844 | D:3      | Noticed Crazy Yiuf
  2861 | D:3      | Killed Crazy Yiuf
  2861 | D:3      | Reached skill level 1 in Charms
  3042 | D:3      | Found an iron altar of Okawaru.
  3746 | D:4      | Noticed Robin
  3753 | D:4      | Killed Robin
  3858 | D:4      | Reached XP level 6. HP: 21/32 MP: 13/16
  4032 | D:4      | Found an oddly glowing altar of Pakellas.
  4582 | D:4      | Reached XP level 7. HP: 28/36 MP: 10/17
  5180 | D:4      | Found Fitsusm's Assorted Antiques.
  5186 | D:4      | Bought a slimy steel ring for 105 gold pieces
  5187 | D:4      | Identified the ring "Laigriv" {Fire Slay+3} (You bought it in a shop on level 4 of the Dungeon)
  5603 | D:4      | Got a transparent hunting sling
  5604 | D:4      | Identified the +6 hunting sling "Ijeomop" {freeze, Int+2 Stlth+} (You found it on level 4 of the Dungeon)
  5931 | D:2      | Killed Sigmund
  6097 | D:5      | Entered Level 5 of the Dungeon
  6188 | D:5      | Reached skill level 5 in Charms
  6377 | D:5      | Reached skill level 5 in Hexes
  6377 | D:5      | Reached XP level 8. HP: 41/41 MP: 19/19
  6615 | D:5      | Found a sacrificial altar of Ru.
  6933 | D:5      | Got an ancient leather armour
  6944 | D:5      | Identified the +1 leather armour "Neokamm" {rF- Regen+ rCorr SInv} (You found it on level 5 of the Dungeon)
  7084 | D:5      | Found a deep blue altar of Sif Muna.
  7497 | D:6      | Found Anakh's Weapon Shop.
  7889 | D:6      | Reached XP level 9. HP: 45/45 MP: 22/22
  8435 | D:7      | Found a burning altar of Makhleb.
  8436 | D:7      | Found a sparkling altar of Nemelex Xobeh.
  8440 | D:7      | Found an opulent altar of Gozag.
  8511 | D:7      | Found a staircase to the Ecumenical Temple.
  8518 | Temple   | Entered the Ecumenical Temple
  8554 | Temple   | Became a worshipper of Vehumet
  8659 | D:7      | Found a sand-covered staircase.
  8668 | Ossuary  | Entered an ossuary
  8804 | Ossuary  | Reached * piety under Vehumet
  8804 | Ossuary  | Offered knowledge of Shock by Vehumet.
  9228 | D:7      | Offered knowledge of Throw Flame by Vehumet.
  9444 | D:7      | Reached ** piety under Vehumet
  9701 | D:7      | Found a white marble altar of Elyvilon.
  9763 | D:7      | Found a basalt altar of Yredelemnul.
 10203 | D:8      | Reached skill level 10 in Charms
 10203 | D:8      | Reached XP level 10. HP: 50/50 MP: 25/25
 10294 | D:8      | Noticed Erolcha
 10303 | D:8      | Killed Erolcha
 10303 | D:8      | Reached skill level 1 in Fighting
 10425 | D:8      | Reached skill level 10 in Conjurations
 10436 | D:8      | Found a staircase to the Lair.
 10475 | D:8      | Offered knowledge of Static Discharge by Vehumet.
 10950 | D:8      | Reached skill level 10 in Spellcasting
 10950 | D:8      | Reached skill level 10 in Hexes
 11028 | D:8      | Noticed a three-headed hydra
 11047 | D:8      | Killed a three-headed hydra
 11200 | D:8      | Reached *** piety under Vehumet
 11341 | D:8      | Reached skill level 5 in Dodging
 11433 | D:8      | Found an ancient bone altar of Kikubaaqudgha.
 11444 | D:8      | Found a glowing golden altar of the Shining One.
 11444 | D:8      | Found a bloodstained altar of Trog.
 11593 | Lair:1   | Entered Level 1 of the Lair of Beasts
 11593 | Lair:1   | Noticed Urug
 11593 | Lair:1   | Noticed a spiny frog
 11813 | D:9      | Noticed Maimakterion's ghost (novice DECj)
 11821 | D:9      | Killed Maimakterion's ghost
 11821 | D:9      | Reached skill level 5 in Stealth
 11996 | D:9      | Offered knowledge of Sticky Flame by Vehumet.
 12002 | D:9      | Learned a level 4 spell: Sticky Flame
 12019 | D:9      | Reached XP level 11. HP: 33/60 MP: 27/27
 12285 | D:9      | Found an opulent altar of Gozag.
 12327 | D:9      | Reached skill level 1 in Fire Magic
 12915 | D:9      | Found a shattered altar of Ashenzari.
 12915 | D:9      | Found a glowing silver altar of Zin.
 12916 | D:9      | Found a snail-covered altar of Cheibriados.
 13204 | D:10     | Entered Level 10 of the Dungeon
 13291 | D:10     | Noticed Joseph
 13305 | D:10     | Killed Joseph
 13803 | D:10     | Found a shattered altar of Ashenzari.
 13808 | D:10     | Reached **** piety under Vehumet
 14516 | D:11     | Noticed Fannar
 14914 | D:11     | Noticed a hill giant
 14924 | D:11     | Killed a hill giant
 15090 | D:11     | Offered knowledge of Throw Icicle by Vehumet.
 15096 | D:11     | Learned a level 4 spell: Throw Icicle
 15225 | D:11     | Killed Fannar
 15626 | D:12     | Reached skill level 5 in Fighting
 15859 | D:12     | Found a labyrinth entrance.
 15872 | Lab      | Entered a labyrinth
 15949 | Lab      | Noticed a minotaur
 16009 | Lab      | Killed a minotaur
 16059 | Lab      | Identified the Incunabulum of Attacks and Augmentations
 16343 | Lab      | Got a slimy arbalest
 16344 | Lab      | Identified the +9 arbalest "Bitoveb" {elec, *Corrode MR++} (You found it in a labyrinth)
 16631 | D:12     | Reached skill level 5 in Fire Magic
 16640 | D:12     | Killed an unseen horror
 16910 | D:12     | Found a staircase to the Orcish Mines.
 16920 | D:12     | Found a roughly hewn altar of Beogh.
 16950 | Orc:1    | Entered Level 1 of the Orcish Mines
 16950 | Orc:1    | Noticed an orc knight
 17162 | D:12     | Reached XP level 12. HP: 48/69 MP: 23/28
 17753 | D:12     | Identified the Handbook of Stolen Souls
 18523 | Orc:2    | Entered Level 2 of the Orcish Mines
 18523 | Orc:2    | Found a shimmering altar of Xom.
 18523 | Orc:2    | Noticed an ettin
 18531 | Orc:2    | Annihilated by an ettin

Skill      XL: |  1  2  3  4  5  6  7  8  9 10 11 12 |
---------------+-------------------------------------+-----
Conjurations   | 5 6 7 8 9 10 | 10.0
Spellcasting   | 4 5 6 7 9 10 | 10.0
Hexes          | 2 3 5 7 9 10 | 10.0
Charms         | 2 3 5 7 10 | 10.0
Fighting       | 3 5 6 |  6.1
Dodging        | 5 8 9 |  9.1
Stealth        | 5 8 9 |  9.2
Fire Magic     | 5 6 |  6.3

Action                   |  1- 3 |  4- 6 |  7- 9 | 10-12 || total
-------------------------+-------+-------+-------+-------++-------
Melee: Quarterstaff      |       |    20 |    91 |    14 ||   125
 Fire: Hunting sling     |       |       |   297 |   396 ||   693
 Cast: Magic Dart        |    55 |   103 |    24 |    60 ||   242
       Searing Ray       |     4 |    12 |     9 |    22 ||    47
       Fulminant Prism   |       |     2 |     7 |    56 ||    65
       Iskenderun's Batt |       |       |     1 |    18 ||    19
       Throw Icicle      |       |       |       |     6 ||     6
       Sticky Flame      |       |       |       |     1 ||     1
  Use: Scroll            |       |       |    22 |    15 ||    37
       Potion            |       |       |       |     1 ||     1
 Stab: Distracted        |       |       |     1 |       ||     1
       Sleeping          |       |       |     1 |       ||     1
  Eat: Chunk             |     2 |     9 |    12 |    18 ||    41
       Beef jerky        |       |       |     1 |     1 ||     2
       Meat ration       |       |       |     1 |       ||     1
       Pizza             |       |       |       |     7 ||     7
Armor: Robe              |     2 |     8 |    49 |    80 ||   139
Dodge: Dodged            |     7 |    23 |   121 |   225 ||   376
